AoeStats
← sebi201

Four Lakes

507938668Analyzed
1v1 RM · 11d ago on Sep 20, 2026· 38m 28s· 2 players
Game mode
Random Map
Map size
Tiny (2 player)
Population
200
Speed
Normal
Resources
Standard
Victory
Conquest
Starting age
Dark Age
Ending age
Imperial Age
RankedLock teamsTeams togetherTeam positionsShared explorationLock speedFull tech treeHidden civsTurbo modeCheats
Victory
Defeat
🇨🇿 Persians · Czechia
797
+20
🇹🇷 Byzantines · Türkiye
824
-17
sebi201
10:06 Feudal Age
8:53 Loom
13:50 Double-Bit Axe
20:29 Castle Age
19:19 Padded Archer Armor
19:58 Wheelbarrow
19:31 Horse Collar
19:48 Gold Mining
20:14 Fletching
20:33 Fishing Lines
20:37 Crossbowman
23:04 Scale Barding Armor
23:00 Scale Mail Armor
25:08 Bow Saw
25:07 Gillnets
27:36 Chain Mail Armor
28:02 Husbandry
29:58 Hand Cart
30:58 Stone Mining
31:43 Gold Shaft Mining
32:32 Chain Barding Armor
32:23 Forging
36:03 Imperial Age
34:02 Heavy Plow
34:28 Town Watch
35:31 Leather Archer Armor
35:53 Iron Casting
35:47 Cavalier
37:06 Plate Barding Armor
37:02 Plate Mail Armor
37:36 Blast Furnace
38:23 Thumb Ring
38:44 Parthian Tactics
✪ Unsatisfied
6:18 Loom
9:39 Feudal Age
10:16 Double-Bit Axe
20:46 Castle Age
18:58 Horse Collar
19:17 Gold Mining
21:24 Fletching
21:26 Elite Skirmisher
22:41 Padded Archer Armor
23:39 Bodkin Arrow
24:39 Scale Barding Armor
26:29 Stone Mining
27:00 Forging
28:03 Chain Barding Armor
30:13 Bow Saw
32:25 Husbandry
32:03 Pikeman
36:52 Imperial Age
35:59 Wheelbarrow
37:06 Iron Casting
36:47 Leather Archer Armor
36:34 Scale Mail Armor
36:37 Squires
37:25 Heavy Camel Rider
39:23 Chemistry
Connection lost

Rejoining the realm…

Still unreachable

The connection could not be restored.

Session expired

The server has moved on; the page needs a fresh start.